 Dungeon Crawl Stone Soup version 0.19.5 (webtiles) character file.

80 mikkilangelo the Ducker (level 4, -1/35 HPs)
             Began as a Merfolk Gladiator on Mar 7, 2017.
             Slain by Grinder (2 damage)
             ... while paralysed by Grinder
             ... on level 3 of the Dungeon.
             The game lasted 00:11:10 (2231 turns).

mikkilangelo the Ducker (Merfolk Gladiator)         Turns: 2231, Time: 00:11:11

Health: -1/35      AC:  6    Str: 20    XL:     4   Next: 39%
Magic:  4/4        EV:  2    Int:  7    God:
Gold:   88         SH:  0    Dex: 15    Spells: 0 memorised, 3 levels left

rFire  . . .     SeeInvis .     q - +0 great sword
rCold  . . .     Gourm    .     b - +0 leather armour
rNeg   . . .     Faith    .     (shield currently unavailable)
rPois  .         Spirit   .     c - +2 helmet
rElec  .         Reflect  .     (no cloak)
rCorr  .         Harm     .     (no gloves)
MR     .....                    (no boots)
Stlth  +.........               i - amulet of inaccuracy (curse)
                                (no ring)
                                j - ring of wizardry

@: paralysed, mighty
A: change form in water, swift swim, stealthy swim
a: no special abilities


You were on level 3 of the Dungeon.
You were not hungry.

You visited 1 branch of the dungeon, and saw 3 of its levels.

You collected 88 gold pieces.

Inventory:

Hand Weapons
 a - a +1 long sword
 q - a +0 great sword (weapon)
Missiles
 d - 3 throwing nets (quivered)
Armour
 b - a +0 leather armour (worn)
 c - a +2 helmet (worn)
Jewellery
 i - a cursed amulet of inaccuracy (around neck)
 j - a ring of wizardry (left hand)
Scrolls
 g - 2 scrolls of recharging
 h - a scroll of identify
 o - a scroll of amnesia
Potions
 e - 2 potions of magic
 p - a potion of mutation {unknown}
Comestibles
 f - 2 bread rations
 k - 3 fruits
 m - a slice of pizza


   Skills:
 + Level 3.2 Fighting
 * Level 4.4 Long Blades
 - Level 2.0 Throwing
 + Level 4.8 Dodging


You had 3 spell levels left.
You didn't know any spells.

Dungeon Overview and Level Annotations

Branches:
Dungeon (3/15)

Altars:
Ru
Trog

Annotations:
D:3 Grinder


Message History

You resist with significant effort. Grinder gestures at you.
Pain shoots through your body!
A goblin comes into view. It is wielding a club.
You see here a robe.
Grinder hits you.
You writhe in agony.
Grinder gestures at you.
You suddenly lose the ability to move!
You can move again.
You miss Grinder. Grinder hits you!
You writhe in agony.
* * * LOW HITPOINT WARNING * * *
It was a potion of might.
You feel very mighty all of a sudden. Grinder gestures at you.
You suddenly lose the ability to move!
Grinder hits you but does no damage.
Grinder is no longer unusually agile.
Grinder hits you!
* * * LOW HITPOINT WARNING * * *
You writhe in agony.
You die...

........#####.####.##............
.................................
........#####.####.#.#..#.[......
[.......# ###.####...##.#........
........###.#..#...####.#>.......
.........##.##.#.#.# #.#..<.....
#.........#.#......# #.##.######
#.............#..### #.##.#
#............#.5@.# #[##.#
#..<...........##>## #.#..#
...........>#.###..# #.#.##
#...........#.# ##.## #.#.#
#.............# #..# #...#
#...........### ##.####..#
#....<......# #..###..#
#...........# ##......#
............########(.....##


You could see Grinder.

Vanquished Creatures
  A worker ant zombie (D:3)
  2 adders
  An adder skeleton (D:3)
  2 worms (D:3)
  A dart slug (D:3)
  A ball python (D:2)
  9 bats
  A giant cockroach (D:1)
  3 goblins (D:1)
  3 hobgoblins
  2 jackals (D:2)
  7 kobolds
  A quokka (D:2)
  A frilled lizard (D:3)
  7 rats
42 creatures vanquished.

Notes
Turn   | Place    | Note
-------+----------+-------------------------------------------
     0 | D:1      | mikkilangelo the Merfolk Gladiator began the quest for the Orb.
     0 | D:1      | Reached XP level 1. HP: 16/16 MP: 1/1
   384 | D:1      | Reached XP level 2. HP: 23/23 MP: 2/2
   915 | D:2      | Reached XP level 3. HP: 24/28 MP: 3/3
  1375 | D:2      | Found a bloodstained altar of Trog.
  1466 | D:2      | Found a sacrificial altar of Ru.
  1839 | D:3      | Reached XP level 4. HP: 33/34 MP: 4/4
  2185 | D:3      | Noticed Grinder
  2215 | D:3      | Paralysed by Grinder for 2 turns
  2229 | D:3      | Paralysed by Grinder for 5 turns
  2231 | D:3      | HP: 1/35 [Grinder (9)]
  2231 | D:3      | Slain by Grinder

Skill      XL: |  1  2  3  4 |
---------------+-------------+-----
Long Blades    | 4 |  4.4
Fighting       | 3 |  3.2
Throwing       | |  2.0
Dodging        | |  4.8

Action                   |  1- 3 |  4- 6 || total
-------------------------+-------+-------++-------
Melee: Long sword        |   107 |     4 ||   111
       Great sword       |       |    60 ||    60
  Use: Scroll            |     8 |     1 ||     9
       Potion            |     2 |     2 ||     4
 Stab: Invisible         |     1 |       ||     1
       Sleeping          |     1 |       ||     1
  Eat: Chunk             |     3 |       ||     3
       Beef jerky        |       |     1 ||     1
Armor: Leather armour    |    31 |    40 ||    71
Dodge: Dodged            |    89 |   102 ||   191
       Rpst.: Long sword |    23 |       ||    23
       Great sword       |       |    35 ||    35
